 Dungeon Crawl Stone Soup version 0.28.0 (console) character file.

Game seed: 18378366540246356076

911 ryathie the Magician (level 7, -3/36 HPs)
             Began as a Deep Elf Hedge Wizard on Feb 14, 2022.
             Was an Initiate of Vehumet.
             Succumbed to an orc wizard's poison
             ... on level 6 of the Dungeon.
             The game lasted 00:15:34 (4528 turns).

ryathie the Magician (Deep Elf Hedge Wizard)        Turns: 4528, Time: 00:15:35

Health: -3/36      AC:  7    Str: 13    XL:     7   Next: 82%
Magic:  12/18      EV: 12    Int: 21    God:    Vehumet [......]
Gold:   264        SH:  0    Dex: 14    Spells: 4/18 levels left

rFire   . . .      SeeInvis .   n - +1 dagger (venom)
rCold   . . .      Faith    .   (no shield)
rNeg    . . .      Spirit   .   b - +1 robe
rPois   .          Reflect  .   c - +0 hat
rElec   .          Harm     .   (no cloak)
rCorr   .          Rampage  .   k - +2 pair of gloves
Will    .....                   p - +0 pair of boots
Stlth   ++........              (no amulet)
HPRegen 0.12/turn               h - +6 ring of strength
MPRegen 0.16/turn               (no ring)

@: lethally poisoned (-3 -> -21)
A: no striking features
a: Renounce Religion


You were on level 6 of the Dungeon.
You worshipped Vehumet.
Vehumet was noncommittal.
You visited 1 branch of the dungeon, and saw 6 of its levels.

You collected 317 gold pieces.
You spent 53 gold pieces at shops.

Inventory:

Hand Weapons
 n - a +1 dagger of venom (weapon)
Armour
 b - a +1 robe (worn)
 c - a +0 hat (worn)
 k - a +2 pair of gloves (worn)
 p - a +0 pair of boots (worn)
Jewellery
 h - a +6 ring of strength (left hand)
Wands
 a - a wand of acid (5)
 m - a wand of digging (13)
 u - a wand of paralysis (13)
 z - a wand of iceblast (11)
Scrolls
 g - a scroll of blinking
 l - a scroll of fear
 q - a scroll of holy word
 r - 2 scrolls of teleportation
 v - a scroll of enchant armour
 x - a scroll of identify
 y - a scroll of silence {unknown}
Potions
 d - a potion of invisibility {unknown}
 e - 2 potions of degeneration {unknown}
 f - 2 potions of lignification {unknown}
 i - 2 potions of heal wounds {unknown}
 j - 3 potions of mutation {unknown}
 o - a potion of resistance
 s - 3 potions of brilliance {unknown}
 t - a potion of cancellation {unknown}
 w - a potion of berserk rage


   Skills:
 - Level 2.4 Dodging
 - Level 2.4 Stealth
 - Level 6.0 Spellcasting
 + Level 5.9 Conjurations
 + Level 5.5 Summonings
 - Level 2.0 Translocations
 - Level 1.0 Fire Magic
 - Level 1.0 Air Magic
 - Level 2.0 Poison Magic
 - Level 2.0 Evocations


You had 4 spell levels left.
You knew the following spells:

 Your Spells              Type           Power      Damage    Failure   Level
a - Magic Dart            Conj           100%       1d8       1%          1
b - Call Imp              Summ           29%        N/A       1%          2
c - Mephitic Cloud        Conj/Pois/Air  18%        N/A       9%          3
d - Conjure Flame         Conj/Fire      20%        6-21      7%          3
e - Call Canine Familiar  Summ           29%        N/A       3%          3
B - Blink                 Tloc           28%        N/A       6%          2

Your spell library contained the following spells:

 Spells                   Type           Power      Damage    Failure   Level
 Slow                     Hex            24%        N/A       10%         1
 Portal Projectile        Hex/Tloc       20%        N/A       19%         3
 Leda's Liquefaction      Hex/Erth       3%         N/A       67%         4
 Irradiate                Conj/Tmut      9%         3d16      63%         5
 Blade Hands              Tmut           3%         N/A       95%         5
 Dispersal                Tloc           7%         N/A       100%        6
 Dragon Form              Tmut           3%         N/A       100%        7
 Disjunction              Tloc           7%         N/A       100%        8


Dungeon Overview and Level Annotations

Branches:
Dungeon (6/15)
 Temple: D:4-7

Altars:
Dithmenos
Nemelex Xobeh
Vehumet

Shops:
D:4 *


Message History

You feel a bit more experienced.
You hit the orc.
The orc is poisoned.
The orc is moderately wounded.
You feel sick. The orc hits you but does no damage.
Your shadow imp gestures at the orc.
The orc writhes in agony.
You barely miss the orc.
The orc is heavily wounded.
You feel sick. The orc hits you with a +0 club.
* * * LOW HITPOINT WARNING * * *
Your shadow imp closely misses the orc.
Casting: Call Imp (safe; 1% risk of failure)
Confirm with . or Enter, or press ? or * to list all spells.
Aiming: Magic Dart (safe; 1% risk of failure)
Press: ? - help, Shift-Dir - straight line, f - orc
Aim: an orc, wielding a +0 club (heavily wounded, very poisoned, ally target, 100% to hit)
The magic dart hits the orc!
You kill the orc!
Vehumet accepts your kill.
You feel sick.
A black bear is nearby!
You swap places.
You feel sick.
You see here a +0 club.
A black bear is nearby!
A black bear is nearby!
You feel sick.
You are no longer poisoned.
Things that are here:
a +0 hand axe; a +0 leather armour You hear some strange, mumbled words.
Something tries to affect you, but you resist.
Something hits you but does no damage.
You are lethally poisoned!
You miss something.
* * * LOW HITPOINT WARNING * * *
You feel very sick. Something hits you.
* * * LOW HITPOINT WARNING * * *
You are more poisoned.
You die...

#.#....... #.#.....#
#.#.....# #.#####.#
#..)..#.# ######.#.#
#####.####)#.####
.........#.#....#
#..(..@.5)..#
#.....#.######.#
##.#..#.# #.# #.......#
#.# #..#..##### #.#
#..#......# #.#
#..##.###.# #.########
### #..##.# #.#
#.##.....> ...
#<.##.###.####.##.####[


You could see a friendly shadow imp (summoned).

Vanquished Creatures
  An ogre (D:6)
  2 centaurs (D:6)
  A scorpion (D:5)
  An orc priest (D:4)
  2 hounds
  Natasha (D:3)
  An orc wizard (D:3)
  A hound skeleton (D:5)
  4 adders
  2 dart slugs
  7 orcs
  7 endoplasms
  2 giant cockroaches
  10 goblins
  5 hobgoblins
  6 jackals
  4 kobolds
  7 quokkas
  11 ball pythons
  6 bats
  5 frilled lizards
  A quokka skeleton (D:4)
  7 rats
94 creatures vanquished.

Vanquished Creatures (collateral kills)
  A sky beast (D:5)
  An ogre (D:5)
  A centaur skeleton (D:6)
  Jessica (D:2)
  Natasha (D:3)
  2 iguanas
  A river rat (D:3)
  2 orcs
  A giant cockroach (D:3)
  A rat (D:3)
12 creatures vanquished.

Grand Total: 106 creatures vanquished

Notes
Turn   | Place    | Note
-------+----------+-------------------------------------------
     0 | D:1      | ryathie the Deep Elf Hedge Wizard began the quest for the
                  | Orb.
     0 | D:1      | Reached XP level 1. HP: 10/10 MP: 7/7
   177 | D:1      | Reached XP level 2. HP: 13/15 MP: 5/9
  1171 | D:2      | Reached XP level 3. HP: 19/19 MP: 3/11
  1183 | D:2      | Learned a level 2 spell: Blink
  1186 | D:2      | Learned a level 2 spell: Call Imp
  1190 | D:2      | Learned a level 3 spell: Conjure Flame
  1194 | D:2      | Learned a level 3 spell: Mephitic Cloud
  1359 | D:2      | Noticed Jessica
  1367 | D:2      | Killed Jessica
  1368 | D:2      | Reached skill level 5 in Spellcasting
  1522 | D:2      | Reached XP level 4. HP: 23/24 MP: 5/13
  1621 | D:2      | Found a faded altar of an unknown god.
  1831 | D:3      | Noticed Natasha
  1896 | D:3      | Reached skill level 1 in Fire Magic
  1906 | D:3      | Reached skill level 1 in Air Magic
  1933 | D:3      | Reached skill level 1 in Poison Magic
  1953 | D:3      | Killed Natasha
  1954 | D:3      | Reached skill level 1 in Evocations
  2113 | D:3      | Found the +5 robe of Misfortune {Harm *Corrode *Slow EV+5}
  2207 | D:3      | Reached XP level 5. HP: 22/28 MP: 11/15
  2233 | D:3      | Noticed Natasha
  2303 | D:3      | You fall into a shaft and drop 1 floor!
  2375 | D:4      | Found Giw Qetz's Assorted Antiques.
  2402 | D:4      | Bought a scroll labelled GUALOP JOTIELO for 28 gold pieces
  2455 | D:4      | Reached skill level 6 in Spellcasting
  2521 | D:4      | Found a shadowy altar of Dithmenos.
  2712 | D:4      | Learned a level 3 spell: Call Canine Familiar
  3318 | D:3      | Reached XP level 6. HP: 32/32 MP: 14/17
  3376 | D:3      | Killed Natasha
  3406 | D:4      | Bought a black potion for 25 gold pieces
  3421 | D:5      | Entered Level 5 of the Dungeon
  3493 | D:5      | Found a sparkling altar of Nemelex Xobeh.
  3651 | D:5      | Noticed a sky beast
  3707 | D:5      | Killed a sky beast
  3708 | D:5      | Reached XP level 7. HP: 30/36 MP: 13/18
  3829 | D:5      | Reached skill level 5 in Conjurations
  4018 | D:5      | Found a radiant altar of Vehumet.
  4024 | D:5      | Became a worshipper of Vehumet
  4285 | D:6      | Reached skill level 5 in Summonings
  4527 | D:6      | HP: 1/36 [something (2)]
  4528 | D:6      | Succumbed to an orc wizard's poison

Illustrated notes

Levels and vault maps discovered:
D:1:      onia_arrival_mini_maze, layout_loops_cross
D:2:      layout_rooms, shapermc_ecumenical_altar_mp_urbaneastern, uniq_jessica
D:3:      layout_rooms, portal_sewer_entry_e, minmay_checkerbox, uniq_natasha
D:4:      layout_basic, nicolae_dithmenos_through_a_glass_darkly, serial_shops,
          shop
D:5:      layout_loops_ring, nicolae_vehumet_altar_sigil,
          nemelex_dance_club_becter
D:6:      layout_loops_ring, serial_co_window_serial,
          co_window_of_opportunity_a, co_window_paths_a, co_window_corner_a,
          co_window_corner_a, co_window_paths_a, co_window_2corner,
          co_window_corner_ca, co_window_2corner, co_window_2corner,
          co_window_paths_e, glass_columns_b, glass_columns_c

Skill      XL: |  1  2  3  4  5  6  7 |
---------------+----------------------+-----
Spellcasting   | 5 6 |  6.0
Conjurations   | 2 3 4 5 |  5.9
Summonings     | 2 4 5 |  5.5
Translocations | 2 |  2.0
Fire Magic     | 1 |  1.0
Air Magic      | 1 |  1.0
Poison Magic   | 1 2 |  2.0
Evocations     | 1 2 |  2.0
Dodging        | |  2.4
Stealth        | |  2.4

Action                   |  1- 3 |  4- 6 |  7- 9 || total
-------------------------+-------+-------+-------++-------
Melee: Dagger            |    24 |    89 |    28 ||   141
       Punch             |       |     1 |     1 ||     2
 Cast: Magic Dart        |    79 |    57 |     8 ||   144
       Call Imp          |     1 |     9 |     3 ||    13
       Mephitic Cloud    |       |     7 |     5 ||    12
       Call Canine Famil |       |     2 |     3 ||     5
       Blink             |       |       |     1 ||     1
Evoke: Wand              |       |     1 |       ||     1
  Use: Scroll            |       |     9 |       ||     9
 Stab: Confused          |       |     3 |       ||     3
       Distracted        |       |     1 |       ||     1
       Sleeping          |       |     1 |       ||     1
Armor: Robe              |     6 |    27 |    13 ||    46
Dodge: Dodged            |    23 |    65 |    14 ||   102
